 Dungeon Crawl Stone Soup version 0.26.1-11-gd32895ea62 (webtiles) character file.

Game seed: 5266359238071685463

627 bigdumb the Slasher (level 7, -2/90 HPs)
             Began as a Purple Draconian Fighter on June 19, 2021.
             Shot with an arrow by a centaur (6 damage)
             ... on level 5 of the Dungeon.
             The game lasted 00:06:02 (4853 turns).

bigdumb the Slasher (Purple Draconian Fighter)      Turns: 4853, Time: 00:06:03

Health: -2/90      AC: 23    Str: 19      XL:     7   Next: 23%
Magic:  7/7        EV:  2    Int:  8      God:
Gold:   208        SH:  9    Dex: 10 (12) Spells: 6/6 levels left

rFire    . . .     SeeInvis .   a - +0 long sword
rCold    . . .     Faith    .   b - +0 kite shield
rNeg     + + +     Spirit   .   (armour unavailable)
rPois    +         Reflect  .   (helmet currently unavailable)
rElec    .         Harm     .   (cloak currently unavailable)
rCorr    .         Rampage  .   (gloves currently unavailable)
Will     +....     NoTele   +   (boots currently unavailable)
Stlth    ++........             l - amulet of the acrobat
HPRegen  0.25/turn              (no ring)
MPRegen  0.10/turn              (no ring)

@: tree-form, acrobat, hasted, very quick
A: (breathe power), unfitting armour, AC +6
a: no special abilities


You were on level 5 of the Dungeon.
You were a tree.
You visited 1 branch of the dungeon, and saw 5 of its levels.

You collected 208 gold pieces.

Inventory:

Hand Weapons
 a - a +0 long sword (weapon)
 f - a +0 short sword
Armour
 b - a +0 kite shield (worn)
 c - a +1 cloak (melded)
Jewellery
 k - an uncursed amulet of guardian spirit {unknown}
 l - an amulet of the acrobat (around neck)
Scrolls
 h - a scroll of magic mapping
 i - 3 scrolls of remove curse
 n - 4 scrolls of identify
 p - a scroll of teleportation
 s - a scroll of blinking
Potions
 d - a potion of degeneration
 j - 2 potions of lignification


   Skills:
 + Level 4.5 Fighting
 + Level 5.2 Long Blades
 + Level 4.0 Dodging
 + Level 2.4 Stealth
 + Level 4.3 Shields
 + Level 0.3 Unarmed Combat


You had 6 spell levels left.
You didn't know any spells.
Your spell library was empty.

Dungeon Overview and Level Annotations

Branches:
Dungeon (5/15)
 Temple: D:4-7

Altars:
Fedhas
Makhleb
Uskayaw
Xom


Innate Abilities, Weirdness & Mutations

((You can breathe bolts of dispelling energy.))
((Your rich purple scales are hard. (AC +6)))
You cannot fit into any form of body armour.
((You are cold-blooded and may be slowed by cold attacks.))


Message History

The ogre is severely wounded.
The centaur shoots an arrow.
The arrow hits you.
* * * LOW HITPOINT WARNING * * *
You hit the ogre.
The ogre is almost dead.
The centaur shoots an arrow.
You block the arrow. The ogre completely misses you.
You riposte.
You hit the ogre.
You kill the ogre!
You feel your dexterity returning.
Your Long Blades skill increases to level 5!
Your Dodging skill increases to level 4!
You cannot move.
You cannot move.
The centaur shoots an arrow.
The arrow hits you but does no damage.
The centaur shoots an arrow.
The arrow hits you.
* * * LOW HITPOINT WARNING * * *
The centaur shoots an arrow.
The arrow completely misses you.
The centaur shoots an arrow.
The arrow completely misses you.
The centaur shoots an arrow.
The arrow hits you.
You die...

...c.$ ... .#####..
#....... #.# ........
#...... #.# ........
#...... #.# .######<
#..... ##.## #. #...#
##...## #.
#...#######....)###..##
#.
#........((((..♣)..c...
.l
#......####.....###....
#. ##.###.# ##........
. #. #.# #.# ########..
.. #.# #.# #.
###.###.## .........#
###.###..# #.# #.<#


You could see a centaur.

Vanquished Creatures
  2 ogres
  A centaur (D:5)
  A howler monkey (D:5)
  Crazy Yiuf (D:2)
  A bullfrog skeleton (D:4)
  3 hounds
  A worker ant (D:4)
  2 gnolls (D:2)
  8 adders
  3 worms
  2 dart slugs
  3 leopard geckos
  8 orcs
  3 bats
  2 giant cockroaches
  7 goblins
  7 hobgoblins
  2 jackals (D:1)
  A quokka (D:2)
  2 ball pythons
  7 frilled lizards
  3 kobolds
  6 rats
76 creatures vanquished.

Notes
Turn   | Place    | Note
-------+----------+-------------------------------------------
     0 | D:1      | bigdumb the Draconian Fighter began the quest for the Orb.
     0 | D:1      | Reached XP level 1. HP: 19/19 MP: 1/1
   261 | D:1      | Reached XP level 2. HP: 26/26 MP: 2/2
   967 | D:2      | Reached XP level 3. HP: 28/33 MP: 3/3
  1064 | D:2      | Found a shimmering altar of Xom.
  1066 | D:2      | Found a burning altar of Makhleb.
  1073 | D:2      | Reached XP level 4. HP: 19/40 MP: 4/4
  1437 | D:2      | Found a hide-covered altar of Uskayaw.
  1439 | D:2      | Found a blossoming altar of Fedhas.
  1860 | D:2      | Reached skill level 3 in Long Blades
  1958 | D:2      | Found a runed translucent door.
  1959 | D:2      | Noticed Crazy Yiuf
  2147 | D:2      | Killed Crazy Yiuf
  2148 | D:2      | Reached XP level 5. HP: 18/46 MP: 5/5
  2778 | D:3      | Noticed an ogre
  2786 | D:3      | Killed an ogre
  2787 | D:3      | Reached skill level 4 in Long Blades
  2787 | D:3      | Reached skill level 1 in Stealth
  2787 | D:3      | Reached XP level 6. HP: 40/52 MP: 6/6
  4330 | D:5      | Entered Level 5 of the Dungeon
  4842 | D:5      | Your scales start taking on a rich purple colour.
  4842 | D:5      | Reached XP level 7. HP: 18/60 MP: 7/7
  4849 | D:5      | Reached skill level 5 in Long Blades
  4850 | D:5      | HP: 4/90 [centaur/arrow (4)]
  4853 | D:5      | Shot with an arrow by a centaur

Illustrated notes

Levels and vault maps discovered:
D:1:      dpeg_arrival_rooms_b, layout_basic
D:2:      layout_rooms, makhleb_blood_cavern_becter, tgw_xom,
          gammafunk_temple_overflow_statue, uniq_crazy_yiuf_cottage
D:3:      layout_basic, serial_curves, eino_curves_03, eino_curves_03,
          eino_curves_01, minmay_surrounded
D:4:      layout_basic, grunt_ministairs_5, chequers_serial_rivers_marsh
D:5:      layout_loops_ring, trog_eyes_of_draining,
          minmay_temple_entry_butterflies, led_sif_book

Skill      XL: |  1  2  3  4  5  6  7 |
---------------+----------------------+-----
Dodging        | 3 4 |  4.0
Fighting       | 4 |  4.5
Long Blades    | 3 4 5 |  5.2
Stealth        | 1 2 |  2.4
Shields        | 4 |  4.3
Unarmed Combat | |  0.3

Action                   |  1- 3 |  4- 6 |  7- 9 || total
-------------------------+-------+-------+-------++-------
Melee: Long sword        |    63 |   159 |     5 ||   227
       Tailslap          |     6 |    24 |       ||    30
       Unarmed           |       |     5 |       ||     5
  Use: Potion            |       |     8 |     2 ||    10
       Scroll            |       |     8 |       ||     8
 Stab: Invisible         |       |     3 |       ||     3
       Sleeping          |       |     2 |       ||     2
       Distracted        |       |     1 |       ||     1
Armor: Skin              |    14 |    32 |     3 ||    49
Dodge: Dodged            |    36 |    95 |     3 ||   134
Block: Kite shield       |    44 |    60 |     3 ||   107
       Rpst.: Long sword |    15 |    27 |     1 ||    43
